 Dungeon Crawl Stone Soup version 0.30.0-19-g36f170ea60 (webtiles) character file.

Game seed: 2108648494061379876

1210 suipiss the Ogre Mage (level 8, 0/80 HPs)
             Began as an Ogre Cinder Acolyte on May 31, 2023.
             Was a Priest of Ignis.
             Succumbed to a gnoll sergeant's poison
             ... on level 5 of the Dungeon.
             The game lasted 00:11:07 (5224 turns).

suipiss the Ogre Mage (Ogre Cinder Acolyte)         Turns: 5224, Time: 00:11:08

Health: 0/80       AC:  3    Str: 25    XL:     8   Next: 45%
Magic:  11/16      EV:  9    Int: 17    God:    Ignis [***...]
Gold:   227        SH:  0    Dex:  4    Spells: 15/18 levels left

rFire   + . .        a - -1 mace (flame)
rCold   . . .        (no shield)
rNeg    . . .        b - +0 robe
rPois   .            (helmet restricted)
rElec   .            (no cloak)
rCorr   .            (gloves unavailable)
SInv    .            (boots unavailable)
Will    .....        (no amulet)
Stlth   +            g - +6 ring of strength
HPRegen 0.33/turn    (no ring)
MPRegen 0.15/turn

%: no passive effects
@: lethally poisoned (0 -> -35), flying, studying Hexes
A: large, unfitting armour, tough skin 1
a: Renounce Religion, Fiery Armour, Foxfire Swarm, Rising Flame


You were on level 5 of the Dungeon.
You worshipped Ignis.
Ignis was most pleased with you.
You visited 1 branch of the dungeon, and saw 5 of its levels.

You collected 227 gold pieces.

Inventory:

Hand Weapons
 a - a -1 mace of flaming (weapon)
Armour
 b - a +0 robe (worn)
Jewellery
 g - a +6 ring of strength (left hand)
Wands
 l - a wand of roots (10)
Scrolls
 c - a scroll of enchant armour
 d - a scroll of noise {unknown}
 e - 2 scrolls of acquirement {unknown}
 f - 2 scrolls of teleportation {unknown}
 h - a scroll of poison {unknown}
 i - 2 scrolls of immolation {unknown}
 k - a scroll of brand weapon {unknown}
 p - a scroll of enchant weapon {unknown}
 q - a scroll of fear {unknown}
 r - 2 scrolls of identify
 s - a scroll of amnesia {unknown}
Potions
 j - a potion of flight
 m - 3 potions of attraction
 n - 2 potions of heal wounds
 o - a potion of curing


   Skills:
 + Level 5.1 Fighting
 * Level 5.3 Maces & Flails
 + Level 2.2 Dodging
 + Level 0.6 Stealth
 * Level 5.8 Spellcasting
 * Level 3.7 Hexes
 * Level 4.7 Fire Magic


You had 15 spell levels left.
You knew the following spells:

 Your Spells              Type           Power      Damage    Failure   Level
a - Scorch                Fire           42%        2d6       2%          2
b - Apportation           Tloc           8%         N/A       13%         1

Your spell library contained the following spells:

 Spells                   Type           Power      Damage    Failure   Level
 Ensorcelled Hibernation  Hex/Ice        22%        N/A       9%          2
 Passwall                 Tmut/Erth      3%         N/A       21%         2
 Swiftness                Air            4%         N/A       36%         3
 Alistair's Intoxication  Tmut/Pois      2%         N/A       98%         5


Dungeon Overview and Level Annotations

Branches:
Dungeon (5/15)             Temple (0/1) D:4

Altars:
Dithmenos
Nemelex Xobeh
Wu Jian

Shops:
D:5 (

Annotations:
D:5 2 transporters, croobank's ghost, novice OpFE


Innate Abilities, Weirdness & Mutations

You are too large for most types of armour.
You have tough skin. (AC +1)


Message History

You are poisoned.
Casting: Scorch (safe; 2% risk of failure)
Confirm with . or Enter, or press ? or * to list all spells.
Flames lash the gnoll sergeant.
The gnoll sergeant is severely wounded.
The gnoll sergeant's fire resistance burns away.
You feel very sick.
The gnoll sergeant hits you with a +2 spear of venom!
You are more poisoned.
You hit the gnoll sergeant but do no damage.
The gnoll sergeant is severely wounded.
You feel extremely sick. The gnoll sergeant closely misses you.
You barely miss the gnoll sergeant.
You punch the gnoll sergeant, but do no damage.
The gnoll sergeant is severely wounded.
You feel very sick.
The gnoll sergeant hits you with a +2 spear of venom!
You are too injured to fight recklessly!
Casting: Scorch (safe; 2% risk of failure)
Confirm with . or Enter, or press ? or * to list all spells.
Flames lash the gnoll sergeant but do no damage.
You feel very sick.
The gnoll sergeant is no longer more vulnerable to fire.
The gnoll sergeant hits you with a +2 spear of venom!
You are more poisoned.
Casting: Scorch (safe; 2% risk of failure)
Confirm with . or Enter, or press ? or * to list all spells.
Flames lash the gnoll sergeant.
The gnoll sergeant is almost dead.
The gnoll sergeant's fire resistance burns away.
* * * LOW HITPOINT WARNING * * *
You feel very sick.
The gnoll sergeant hits you with a +2 spear of venom!
* * * LOW HITPOINT WARNING * * *
You are more poisoned.
Unknown command.
You feel very buoyant.
You fly up into the air.
You die...

#..# ###..## #....##
#..# #..#####...##
#.....####.##
#...hh.....##
##.....##..#
#†).....###...#
#.##....>.# .....#...##
##..# #.####....#
....###..# #..# #.#
##...## .... #..# #..#
#.######.... .... #...
#.g## ##........... ...
....#
##.@####.........### ...
.....# #.<.....######..#
##......## #..# #
........## #..# #
...........# #..###
.............## #...#.
..............## #...#.
>###....<#.....####.....
##....###.........##.


You could see a gnoll sergeant (combustible).

Vanquished Creatures
  Grinder (D:5)
  A phantom (D:5)
  4 scorpions
  An orc priest (D:4)
  7 hounds
  A jelly (D:5)
  An iguana (D:4)
  Ijyb (D:3)
  3 orc wizards
  Natasha (thrice) (D:4)
  5 gnolls (D:5)
  4 adders
  A worm (D:2)
  4 dart slugs
  25 orcs
  5 ball pythons
  3 bats
  8 endoplasms
  3 giant cockroaches
  11 goblins
  3 hobgoblins
  4 jackals
  6 quokkas
  A frilled lizard (D:1)
  7 kobolds
  8 rats
121 creatures vanquished.

Vanquished Creatures (others)
  An orc wizard (D:4)
  10 foxfires (D:5)
11 creatures vanquished.

Grand Total: 132 creatures vanquished

Notes
Turn   | Place    | Note
-------+----------+-------------------------------------------
     0 | D:1      | suipiss the Ogre Cinder Acolyte began the quest for the
                  | Orb.
     0 | D:1      | Reached XP level 1. HP: 24/24 MP: 2/2
   148 | D:1      | Reached XP level 2. HP: 27/32 MP: 4/4
   151 | D:1      | Learned a level 2 spell: Scorch
   466 | D:1      | Found a faded altar of an unknown god.
   795 | D:2      | Reached XP level 3. HP: 23/39 MP: 2/5
   958 | D:2      | Found an ornate altar of the Wu Jian Council.
  1127 | D:2      | You fall into a shaft and drop 2 floors!
  1145 | D:4      | Noticed a scorpion
  1156 | D:4      | Reached XP level 4. HP: 24/48 MP: 1/6
  1156 | D:4      | Killed a scorpion
  1157 | D:4      | Reached skill level 1 in Dodging
  1157 | D:4      | Reached XP level 5. HP: 25/55 MP: 1/8
  1288 | D:4      | Learned a level 1 spell: Apportation
  1293 | D:4      | Found a staircase to the Ecumenical Temple.
  1324 | D:4      | Noticed Natasha
  1354 | D:4      | Killed Natasha
  1497 | D:3      | Noticed Ijyb
  1514 | D:3      | Killed Ijyb
  1922 | D:2      | Reached XP level 6. HP: 63/63 MP: 9/9
  2064 | D:2      | Reached skill level 1 in Hexes
  3122 | D:4      | Noticed Natasha
  3137 | D:4      | Killed Natasha
  3144 | D:4      | Reached XP level 7. HP: 47/71 MP: 8/12
  3438 | D:4      | Noticed Natasha
  3444 | D:4      | Killed Natasha
  4076 | D:5      | Entered Level 5 of the Dungeon
  4089 | D:5      | Reached skill level 5 in Maces & Flails
  4249 | D:5      | Found a transporter.
  4473 | D:5      | Reached skill level 5 in Fighting
  4498 | D:5      | Noticed Grinder
  4511 | D:5      | Killed Grinder
  4512 | D:5      | Reached skill level 5 in Spellcasting
  4512 | D:5      | Reached XP level 8. HP: 80/80 MP: 5/15
  4588 | D:5      | Found Caomoarucs's Weapon Boutique.
  4646 | D:5      | Found a shadowy altar of Dithmenos.
  4647 | D:5      | Found a sparkling altar of Nemelex Xobeh.
  5053 | D:5      | Noticed croobank's ghost (novice OpFE)
  5054 | D:5      | Found a transporter.
  5224 | D:5      | Succumbed to a gnoll sergeant's poison

Illustrated notes

Levels and vault maps discovered:
D:1:      dpeg_arrival_arbitrary_c, layout_loops_ring,
          shapermc_ecumenical_altar_mp_ritualfount, nrook_uturn
D:2:      layout_loops_ring, basic_altar
D:3:      layout_basic, uniq_ijyb
D:4:      layout_basic, minmay_temple_entry_grid, uniq_natasha
D:5:      layout_layer_cave, chequers_temple_overflow_statue_of_worship,
          serial_shops, nicolae_shop_crystal, gammafunk_ghost_smash,
          grunt_decor_resistance, minmay_misc_feat_columns, uniq_grinder

Skill      XL: |  1  2  3  4  5  6  7 |
---------------+----------------------+-----
Maces & Flails | 3 4 5 |  5.3
Fire Magic     | 3 4 |  4.7
Dodging        | 1 2 |  2.2
Spellcasting   | 2 3 5 |  5.8
Hexes          | 1 3 |  3.7
Fighting       | 5 |  5.1
Stealth        | |  0.6

Action                     |  1- 3 |  4- 6 |  7- 9 || total
---------------------------+-------+-------+-------++-------
  Melee: Mace              |    98 |   142 |    81 ||   321
         Punch             |       |       |     1 ||     1
   Cast: Scorch            |     7 |    20 |    29 ||    56
 Invoke: Fiery Armour      |     1 |     1 |     2 ||     4
         Foxfire Swarm     |       |       |     1 ||     1
  Evoke: Wand              |       |     1 |       ||     1
    Use: Scroll            |       |     3 |     2 ||     5
         Potion            |       |     2 |     1 ||     3
 Armour: Robe              |    51 |    36 |    34 ||   121
  Dodge: Dodged            |    45 |    63 |    58 ||   166
